 Dungeon Crawl Stone Soup version 0.29-a0-284-gf9362112df (webtiles) character file.

Game seed: 15090823469215860469

3283 being54 the Grappler (level 9, 0/84 HPs)
             Began as a Troll Fighter on Mar 17, 2022.
             Was a Follower of Elyvilon.
             Slain by a yak (4 damage)
             ... on level 10 of the Dungeon.
             The game lasted 00:16:46 (4742 turns).

being54 the Grappler (Troll Fighter)                Turns: 4742, Time: 00:16:46

Health: 0/84       AC:  6    Str: 32    XL:     9   Next: 69%
Magic:  8/8        EV: 10    Int:  6    God:    Elyvilon [*.....]
Gold:   309        SH:  8    Dex: 11    Spells: 8/8 levels left

rFire   . . .      SeeInvis .   v - +7 spear "Addunopu" {holy, Will++}
rCold   + . .      Faith    .   b - +0 kite shield
rNeg    . . .      Spirit   .   l - +2 robe
rPois   .          Reflect  .   (helmet restricted)
rElec   .          Harm     .   r - scarf {+Inv}
rCorr   .          Rampage  .   (gloves unavailable)
Will    ++...                   (boots unavailable)
Stlth   ++........              (no amulet)
HPRegen 1.04/turn               i - +6 ring of strength
MPRegen 0.11/turn               f - ring of protection from cold

@: mighty, hasted, very quick
A: large, unfitting armour, claws 3, regeneration 1, shaggy fur 1, tough skin 1
a: Renounce Religion, Evoke Invisibility, Purification


You were on level 10 of the Dungeon.
You worshipped Elyvilon.
Elyvilon was aware of your devotion.
You visited 2 branches of the dungeon, and saw 9 of its levels.

You collected 309 gold pieces.

Inventory:

Hand Weapons
 v - the +7 spear "Addunopu" (weapon) {holy, Will++}
   (You found it on level 7 of the Dungeon)

   It has been blessed by the Shining One to cause great damage to the undead
   and demons.
   Will:      It greatly increases your willpower.
Armour
 b - a +0 kite shield (worn)
 l - a +2 robe (worn)
 r - a scarf of invisibility (worn)
Jewellery
 f - a ring of protection from cold (right claw)
 i - a +6 ring of strength (left claw)
 u - a ring of flight
Wands
 a - a wand of charming (2)
 j - a wand of polymorph (8)
 n - a wand of acid (13)
 t - a wand of iceblast (8)
Scrolls
 e - a scroll of brand weapon
 k - 3 scrolls of teleportation
 p - 3 scrolls of identify
Potions
 c - a potion of might
 d - a potion of berserk rage
 h - a potion of flight
 o - a potion of lignification {unknown}
 q - a potion of mutation {unknown}
 s - a potion of resistance {unknown}


   Skills:
 + Level 4.3 Fighting
 + Level 2.5 Maces & Flails
 + Level 0.5 Polearms
 + Level 5.6 Dodging
 + Level 2.2 Stealth
 + Level 5.2 Shields
 + Level 8.9 Unarmed Combat


You had 8 spell levels left.
You didn't know any spells.
Your spell library contained the following spells:

 Spells                   Type           Power      Damage    Failure   Level
 Foxfire                  Conj/Fire      0%         2x1d4     73%         1
 Ensorcelled Hibernation  Hex/Ice        0%         N/A       86%         2
 Passwall                 Tmut/Erth      0%         N/A       86%         2
 Sublimation of Blood     Necr           0%         N/A       86%         2
 Wereblood                Tmut           0%         N/A       86%         2
 Conjure Flame            Conj/Fire      0%         6-21      97%         3
 Inner Flame              Hex/Fire       0%         N/A       97%         3
 Swiftness                Air            0%         N/A       97%         3
 Tukima's Dance           Hex            0%         N/A       97%         3
 Airstrike                Air            0%         N/A       100%        4
 Anguish                  Hex/Necr       0%         N/A       100%        4
 Flame Wave               Conj/Fire      0%         2d4       100%        4
 Summon Lightning Spire   Summ/Air       0%         N/A       100%        4
 Summon Forest            Summ/Tloc      0%         N/A       100%        5
 Summon Mana Viper        Hex/Summ       0%         N/A       100%        5
 Summon Cactus Giant      Summ           0%         N/A       100%        6
 Enfeeble                 Hex            0%         N/A       100%        7
 Summon Hydra             Summ           0%         N/A       100%        7
 Chain Lightning          Conj/Air       0%         N/A       100%        9


Dungeon Overview and Level Annotations

Branches:
Dungeon (7/15)             Temple (1/1) D:7

Altars:
Ashenzari
Cheibriados
Dithmenos
Elyvilon
Fedhas
Gozag
Hepliaklqana
Kikubaaqudgha
Makhleb
Nemelex Xobeh
Okawaru
Qazlal
Ru
Sif Muna
Trog
Uskayaw
Vehumet
Wu Jian
Xom
Yredelemnul
Zin
The Shining One

Shops:
D:3 ((=(   D:7 [(

Annotations:
D:10 Psyche


Innate Abilities, Weirdness & Mutations

You are too large for most types of armour.
You have claws for hands.
Your natural rate of healing is unusually fast.
You are covered in fur. (AC +1)
You have tough skin. (AC +1)


Message History

The yak gores you. x2
You feel very mighty all of a sudden. The yak gores you. x2
You feel better. You block the yak's attack. x2
You puncture the yak!
The yak is severely wounded.
The yak gores you.
You barely miss the yak.
The yak is severely wounded.
The yak gores you but does no damage. You block the yak's attack.
You puncture the yak!
The yak is almost dead.
The yak gores you! The yak gores you.
You puncture the yak!
You kill the yak!
The yak closely misses you.
Your life force feels restored.
You barely miss the yak.
The yak is severely wounded.
You block the yak's attack. x2; The yak gores you but does no damage.
The yak gores you!
* * * LOW HITPOINT WARNING * * *
You hit the yak.
The yak is almost dead.
The yak gores you but does no damage. The yak gores you!
* * * LOW HITPOINT WARNING * * *
You puncture the yak!
You kill the yak!
You block the yak's attack.
You feel yourself speed up. You block the yak's attack.
The acid dragon bites you.
* * * LOW HITPOINT WARNING * * *
The acid dragon claws you.
* * * LOW HITPOINT WARNING * * *
You barely miss the acid dragon. The yak closely misses you.
The acid dragon bites you!
* * * LOW HITPOINT WARNING * * *
The acid dragon claws you but does no damage.
You closely miss the acid dragon. The yak gores you.
You die...

T. ... #..
.......... #..# #..
..........##..###..#
o............Y...W.
..........Y....##K#
........##....##KK#
.......##...K##Y#
#........YYD@#
#........YY###
...............#
...............#
##.......#######
##......# ########


You could see 5 yaks, a wraith, an acid dragon, a kobold brigand and 3 kobolds.

Vanquished Creatures
  Grinder (D:3)
  The ghost of siradein the Bolt Thrower, an amateur KoAM (D:3)
  Sigmund (D:3)
  2 yaks (D:10)
  Eustachio (D:5)
  A steam dragon (D:7)
  Menkaure (D:7)
  A water moccasin (D:6)
  2 sky beasts
  A centaur (D:6)
  3 ogres
  A phantom (D:7)
  Blork the orc (D:5)
  A bullfrog (D:7)
  3 scorpions
  2 necrophages
  8 wights (D:7)
  4 killer bees (D:7)
  A hound (D:5)
  2 jellies (D:6)
  A gnoll shaman (D:7)
  Crazy Yiuf (D:5)
  5 iguanas
  3 gnolls (D:7)
  4 adders
  2 white imps (D:5)
  A worm (D:2)
  7 orcs
  3 bats (D:1)
  7 endoplasms
  2 giant cockroaches
  4 goblins
  8 hobgoblins
  14 jackals
  5 kobolds
  4 quokkas
  3 ball pythons (D:1)
  2 frilled lizards
  7 rats
121 creatures vanquished.

Notes
Turn   | Place    | Note
-------+----------+-------------------------------------------
     0 | D:1      | being54 the Troll Fighter began the quest for the Orb.
     0 | D:1      | Reached XP level 1. HP: 22/22 MP: 0/0
    89 | D:1      | Reached XP level 2. HP: 29/29 MP: 1/1
   605 | D:1      | Found a faded altar of an unknown god.
   720 | D:2      | Reached XP level 3. HP: 36/36 MP: 2/2
   742 | D:2      | Found a shimmering blue altar of Sif Muna.
  1151 | D:3      | Noticed siradein's ghost (amateur KoAM)
  1151 | D:3      | Found a large runed translucent door.
  1151 | D:3      | Found a large runed translucent door.
  1165 | D:3      | Found Umay's Antique Weapon Shop.
  1169 | D:3      | Found Lafom's Weapon Shoppe.
  1182 | D:3      | Reached XP level 4. HP: 44/44 MP: 3/3
  1271 | D:3      | Found Wycoacoxe's Jewellery Boutique.
  1282 | D:3      | Found Riwnaoca's Weapon Emporium.
  1429 | D:3      | Noticed a scorpion
  1442 | D:3      | Killed a scorpion
  1443 | D:3      | Reached skill level 3 in Unarmed Combat
  1449 | D:3      | Noticed Sigmund
  1460 | D:3      | Killed Sigmund
  1461 | D:3      | Reached skill level 4 in Unarmed Combat
  1461 | D:3      | Reached XP level 5. HP: 34/52 MP: 4/4
  1461 | D:3      | Reached XP level 6. HP: 38/59 MP: 5/5
  1512 | D:3      | Noticed Grinder
  1525 | D:3      | Killed Grinder
  1526 | D:3      | Reached skill level 1 in Stealth
  1526 | D:3      | Reached skill level 5 in Unarmed Combat
  1909 | D:3      | Killed siradein's ghost
  1910 | D:3      | Reached XP level 7. HP: 67/67 MP: 6/6
  2090 | D:4      | Reached skill level 6 in Unarmed Combat
  2428 | D:5      | Entered Level 5 of the Dungeon
  2493 | D:5      | Noticed Blork the orc
  2502 | D:5      | Killed Blork the orc
  2503 | D:5      | Reached XP level 8. HP: 58/75 MP: 7/7
  2657 | D:5      | Noticed Eustachio
  2659 | D:5      | Killed Eustachio
  2660 | D:5      | Reached skill level 7 in Unarmed Combat
  2676 | D:5      | Got Uko Jets's Catalogue of Gliding Creation
  2757 | D:5      | Found a runed translucent door.
  2758 | D:5      | Noticed Crazy Yiuf
  2882 | D:5      | Killed Crazy Yiuf
  2886 | D:5      | Identified the +7 mace "Ebirghe" {drain, rPois}
  3411 | D:6      | Reached skill level 8 in Unarmed Combat
  3568 | D:6      | Reached XP level 9. HP: 66/84 MP: 8/8
  3817 | D:7      | Reached skill level 1 in Maces & Flails
  3817 | D:7      | Noticed Menkaure
  3824 | D:7      | Killed Menkaure
  3852 | D:7      | Reached skill level 5 in Dodging
  3861 | D:7      | Found a staircase to the Ecumenical Temple.
  3923 | D:7      | Found Bytyssie's Antique Armour Emporium.
  3963 | Temple   | Entered the Ecumenical Temple
  4070 | Temple   | Became a worshipper of Elyvilon the Healer
  4351 | D:7      | Found Gef Poeri's Antique Weapon Shoppe.
  4534 | D:7      | Reached skill level 5 in Shields
  4595 | D:7      | Reached * piety under Elyvilon
  4702 | D:7      | Identified the +7 spear "Addunopu" {holy, Will++}
  4709 | D:7      | You fall into a shaft and drop 3 floors!
  4709 | D:10     | Entered Level 10 of the Dungeon
  4717 | D:10     | Noticed a troll
  4718 | D:10     | Noticed Psyche
  4741 | D:10     | HP: 3/84 [acid dragon (12)]
  4742 | D:10     | Slain by a yak

Illustrated notes

Levels and vault maps discovered:
D:1:      arrival_zaba_pyramid, layout_loops_ring,
          shapermc_ecumenical_altar_ellora
D:2:      layout_basic, basic_altar, nrook_loot_triangle
D:3:      layout_loops_ring, serial_shops, shop, shop, nicolae_shop_waterfront,
          shop, ebering_ghost_disaster_area, uniq_sigmund, uniq_grinder
D:4:      layout_basic, solitary_fountain, grunt_decor_cap,
          hangedman_decor_slide_cut, dreamdust_mushroom_princess
D:5:      layout_gridville, minmay_misc_feat_tower, uniq_blork_the_orc,
          uniq_eustachio, uniq_crazy_yiuf_cottage
D:6:      layout_cave_pools, serial_column_ruins, column_ruins_open_tiny,
          column_ruins_grid_4, column_ruins_corridor_straight
D:7:      layout_loops_ring, temple_pool_b, serial_shops, shop,
          nicolae_shop_hallway_stairs, uniq_menkaure
D:10:     layout_rooms, erik_orc_4, uniq_psyche
Temple:   kilobyte_greek_temple

Skill      XL: |  1  2  3  4  5  6  7  8  9 |
---------------+----------------------------+-----
Dodging        | 3 4 5 |  5.6
Shields        | 3 4 5 |  5.2
Unarmed Combat | 4 5 6 8 |  8.9
Stealth        | 1 2 |  2.2
Fighting       | 3 4 |  4.3
Maces & Flails | 2 |  2.5
Polearms       | |  0.5

Action                   |  1- 3 |  4- 6 |  7- 9 || total
-------------------------+-------+-------+-------++-------
Melee: Unarmed           |   119 |    74 |   144 ||   337
       Mace              |       |       |    60 ||    60
       Spear             |       |       |    21 ||    21
  Use: Scroll            |       |     7 |     7 ||    14
       Potion            |       |       |     3 ||     3
 Stab: Sleeping          |     1 |       |     3 ||     4
Armor: Robe              |    41 |    12 |    54 ||   107
Dodge: Dodged            |    56 |    21 |    97 ||   174
Block: Kite shield       |    54 |    19 |    90 ||   163

Table legend: (Time is in decaauts)
 A = Elapsed time spent in this place.
 B = Non-inter-level travel time spent in this place.
 C = Inter-level travel time spent in this place.
 D = Time resting spent in this place.
 E = Time spent auto-exploring this place.
 F = Levels seen in this place.
 G = Mean time per level.
                   A        B        C        D        E       F      G
               +--------+--------+--------+--------+--------+-----+--------+
         Total |   4837 |   4565 |    272 |     71 |   3451 |   9 |  537.4 |
       Dungeon |   4607 |   4358 |    249 |     71 |   3301 |   8 |  575.9 |
        Temple |    230 |    208 |     22 |      0 |    150 |   1 |  230.0 |
               +--------+--------+--------+--------+--------+-----+--------+

Top non-repeatable levels by time:
     D:5: 860 daAuts
     D:3: 798 daAuts
     D:1: 687 daAuts
     D:7: 676 daAuts
     D:6: 541 daAuts
     D:4: 531 daAuts
     D:2: 473 daAuts
  Temple: 230 daAuts
    D:10: 37 daAuts
